[Event "ICC tourney 2578 (30 10)"]
[Site "Internet Chess Club"]
[Date "2021.05.22"]
[Round "4"]
[White "Potukuchi, Siddhartha:Firemonsterz"]
[Black "DUNIKOV, DAVID EUGENE:DavidNest"]
[Result "1-0"]
[ICCResult "Black checkmated"]
[WhiteElo "1405"]
[BlackElo "1307"]
[Opening "QP counter-gambit (elephant gambit)"]
[ECO "C40"]
[NIC "KP.10"]
[Time "17:00:57"]
[PlyCount "109"]
[TimeControl "1800+10"]

1. e4 e5 2. Nf3 d5 3. exd5 e4 4. Qe2 Nf6 5. Nc3 Bf5 6. d3 Bb4 7. dxe4 Nxe4
8. Qb5+ c6 9. Qxb4 cxd5 10. Bb5+ Nd7 11. Nxd5 Rc8 12. O-O Rc5 13. Re1 O-O
14. Bxd7 Qxd7 15. Nc3 Rfc8 16. Nxe4 Rc4 17. Qd2 Rxe4 18. Rxe4 Qxd2 19. Nxd2
Bxe4 20. Nxe4 Rxc2 21. Nc3 a6 22. a4 Kf8 23. Kf1 Ke7 24. Bg5+ f6 25. Re1+
Kf7 26. Bc1 Kg6 27. g3 Kh5 28. h3 g5 29. Nd5 f5 30. Ne3 Rc5 31. g4+ fxg4
32. hxg4+ Kg6 33. b4 Re5 34. Nf5 Rxe1+ 35. Kxe1 h5 36. f3 h4 37. Kf2 h3 38.
Kg3 Kf6 39. Kxh3 b5 40. axb5 axb5 41. Nd4 Kg6 42. Nxb5 Kf6 43. Nd4 Kg6 44.
Bxg5 Kxg5 45. b5 Kf4 46. b6 Ke3 47. b7 Kxd4 48. b8=Q Ke3 49. Qe5+ Kxf3 50.
g5 Kf2 51. g6 Kf3 52. g7 Kf2 53. g8=Q Kf1 54. Qf7+ Kg1 55. Qh2# { Black
checkmated } 1-0

[Event "ICC tourney 2578 (30 10)"]
[Site "Internet Chess Club"]
[Date "2021.05.22"]
[Round "4"]
[White "JUTRAS, ARNAUD:arnaudjutras"]
[Black "SIAMWALLA, ALVIN:cappyal"]
[Result "1/2-1/2"]
[ICCResult "Game drawn by mutual agreement"]
[WhiteElo "1450"]
[BlackElo "848"]
[Opening "English: four knights, kingside fianchetto"]
[ECO "A29"]
[NIC "EO.04"]
[Time "17:00:22"]
[PlyCount "70"]
[TimeControl "1800+10"]

1. c4 e5 2. Nc3 Nf6 3. Nf3 Nc6 4. g3 Bc5 5. Bg2 d6 6. O-O O-O 7. a3 Bf5 8.
b4 Bb6 9. d3 h6 10. Nd5 Bd4 11. Nxd4 Nxd4 12. Nxf6+ Qxf6 13. Bxb7 Rab8 14.
Bg2 Bg4 15. Re1 e4 16. Bb2 exd3 17. Qxd3 c5 18. e3 Nf3+ 19. Bxf3 Qxf3 20.
b5 Bh3 21. Qd5 Qxd5 22. cxd5 Rxb5 23. Bc3 Rfb8 24. Rec1 g6 25. Bf6 Kf8 26.
a4 Rb4 27. Bc3 Rb3 28. Ba5 R8b7 29. Bd8 Ke8 30. Bf6 Kf8 31. a5 Bf5 32. a6
Rd7 33. Rc4 Bd3 34. Rcc1 Be4 35. Rd1 Rd3 { Game drawn by mutual agreement }
1/2-1/2

[Event "ICC tourney 2578 (30 10)"]
[Site "Internet Chess Club"]
[Date "2021.05.22"]
[Round "4"]
[White "HUANG, JUSTIN:ijustin"]
[Black "RAMAN, ARJUN:jojoraman"]
[Result "1/2-1/2"]
[ICCResult "Game drawn because neither player has mating material"]
[WhiteElo "1305"]
[BlackElo "1360"]
[Opening "Scotch: Steinitz variation"]
[ECO "C45"]
[NIC "SO.04"]
[Time "17:00:17"]
[PlyCount "132"]
[TimeControl "1800+10"]

1. e4 e5 2. Nf3 Nc6 3. d4 exd4 4. Nxd4 Qh4 5. Nc3 Bb4 6. Be2 Qxe4 7. Nb5
Bxc3+ 8. bxc3 Kd8 9. O-O Nf6 10. Bd3 Qg4 11. Be2 Qg6 12. Bf4 d6 13. Re1 Nd7
14. Bd3 Qf6 15. Qd2 h6 16. Bf1 a6 17. Nd4 Nxd4 18. cxd4 Nb6 19. Be5 Qg6 20.
Bd3 f5 21. Bg3 Bd7 22. Bh4+ Kc8 23. Qf4 Nd5 24. Qf3 Nb4 25. Rab1 Nc6 26.
Re7 Qg4 27. Qxg4 fxg4 28. Rxg7 Nxd4 29. Bf6 Nb5 30. Rxd7 Kxd7 31. Bxh8 Rxh8
32. Bxb5+ axb5 33. Rxb5 Kc6 34. Rb4 Ra8 35. a4 h5 36. h3 gxh3 37. g3 Rh8
38. Kh2 b6 39. Kxh3 Kc5 40. Rb3 Ra8 41. Rc3+ Kd4 42. Rxc7 Rxa4 43. Rc6 Kd5
44. Rxb6 Rc4 45. Rb5+ Kc6 46. Rb2 Kd5 47. Rb5+ Kc6 48. Rb8 Kd5 49. Rb5+ Ke6
50. Rb2 d5 51. f3 Rc3 52. Kg2 Kf5 53. Rb5 Rxc2+ 54. Kh3 Ke6 55. Kh4 Rf2 56.
Kxh5 Rxf3 57. g4 Rg3 58. Rb4 Ke5 59. Rb8 d4 60. Re8+ Kf4 61. Rd8 d3 62. Rd7
Rh3+ 63. Kg6 Kxg4 64. Rd4+ Kf3 65. Rxd3+ Kg2 66. Rxh3 Kxh3 { Game drawn
because neither player has mating material } 1/2-1/2

[Event "ICC tourney 2578 (30 10)"]
[Site "Internet Chess Club"]
[Date "2021.05.22"]
[Round "4"]
[White "WU, WINSTON:qjet"]
[Black "AMBATI, JASWANT REDDY:AJRChess2011"]
[Result "0-1"]
[ICCResult "White checkmated"]
[WhiteElo "1200"]
[BlackElo "1486"]
[Opening "Sicilian: Alapin's variation (2.c3)"]
[ECO "B22"]
[NIC "SI.46"]
[Time "17:00:57"]
[PlyCount "70"]
[TimeControl "1800+10"]

1. e4 c5 2. c3 g6 3. d4 cxd4 4. cxd4 Bg7 5. Nc3 Nf6 6. Nf3 O-O 7. Bc4 Nxe4
8. Nxe4 d5 9. Bd3 dxe4 10. Bxe4 Nc6 11. Be3 Qa5+ 12. Bd2 Qa6 13. Bxc6 bxc6
14. Bc3 Bf5 15. Qd2 Rfd8 16. Bb4 e6 17. a3 e5 18. Bc3 exd4 19. Nxd4 c5 20.
Nxf5 Rxd2 21. Ne7+ Kf8 22. Bxg7+ Kxg7 23. Kxd2 Qd6+ 24. Kc2 Qxe7 25. Rae1
Qb7 26. f3 Rb8 27. Rb1 Qb3+ 28. Kd2 Rd8+ 29. Ke2 Qd3+ 30. Kf2 Qd2+ 31. Kf1
Re8 32. h3 Re2 33. Rh2 Qe3 34. g4 Rxh2 35. Re1 Qf2# { White checkmated }
0-1

[Event "ICC tourney 2578 (30 10)"]
[Site "Internet Chess Club"]
[Date "2021.05.22"]
[Round "4"]
[White "EISENBERG, LINUS NGUYEN:PrimusInvin"]
[Black "DHURJATI, ANAGHA:amdink"]
[Result "0-1"]
[ICCResult "White resigns"]
[WhiteElo "1235"]
[BlackElo "1296"]
[Opening "Vienna gambit"]
[ECO "C29"]
[NIC "VG.03"]
[Time "17:00:43"]
[PlyCount "78"]
[TimeControl "1800+10"]

1. e4 e5 2. Nc3 Nf6 3. f4 d5 4. fxe5 Nxe4 5. Nxe4 dxe4 6. Bc4 Bc5 7. d3 O-O
8. Ne2 Nc6 9. d4 Nxd4 10. Nxd4 Bxd4 11. Rf1 Be6 12. Bxe6 fxe6 13. Rxf8+
Kxf8 14. Bf4 Bxb2 15. Qxd8+ Rxd8 16. Rb1 Bc3+ 17. Ke2 b6 18. Rb3 Bd4 19. c3
Bc5 20. Be3 Bxe3 21. Kxe3 Rd5 22. Kxe4 Rd2 23. Ra3 Rxg2 24. Rxa7 Rxh2 25.
Rxc7 Rxa2 26. Rc6 Ra4+ 27. Kd3 Kf7 28. Rxb6 g5 29. Rb7+ Kg6 30. Rb4 Ra8 31.
Ke3 h5 32. c4 h4 33. Rb6 Kf5 34. Rb7 h3 35. Rf7+ Kxe5 36. Rf3 Ra3+ 37. Ke2
Rxf3 38. Kxf3 g4+ 39. Kxg4 h2 { White resigns } 0-1

[Event "ICC tourney 2578 (30 10)"]
[Site "Internet Chess Club"]
[Date "2021.05.22"]
[Round "4"]
[White "WU, SEAN HAN:dum2020arEEEWS"]
[Black "KISHOR MANE, ARNAV:K05-16881843"]
[Result "0-1"]
[ICCResult "White checkmated"]
[WhiteElo "1173"]
[BlackElo "1396"]
[Opening "Sicilian: closed, 2...Nc6"]
[ECO "B23"]
[NIC "SI.44"]
[Time "17:00:32"]
[PlyCount "70"]
[TimeControl "1800+10"]

1. e4 c5 2. Nc3 Nc6 3. Bb5 a6 4. Bxc6 bxc6 5. d3 d5 6. Nf3 e6 7. O-O Nf6 8.
Re1 g6 9. Ne5 Bd7 10. Nxd7 Qxd7 11. e5 Ng8 12. f4 Bg7 13. Qe2 Ne7 14. g4
O-O 15. Kh1 Rfe8 16. h4 h6 17. h5 Kh7 18. g5 Nf5 19. hxg6+ fxg6 20. Qh2 Rh8
21. Kg2 Kg8 22. gxh6 Rxh6 23. Qg1 Nh4+ 24. Kf2 Nf5 25. Bd2 Qe7 26. Qg4 Rh2+
27. Kf1 Rxd2 28. Qxg6 Qh4 29. Qxe6+ Kh8 30. Ne2 Qh3+ 31. Kg1 Qg4+ 32. Kh1
Ng3+ 33. Nxg3 Qh4+ 34. Kg1 Qxg3+ 35. Kf1 Qf2# { White checkmated } 0-1

[Event "ICC tourney 2578 (30 10)"]
[Site "Internet Chess Club"]
[Date "2021.05.22"]
[Round "4"]
[White "SEN, SAMANT ROBERT:srsmv"]
[Black "NERALLA, SRIKRUTHI:chessfanatic11"]
[Result "1-0"]
[ICCResult "Black resigns"]
[WhiteElo "1216"]
[BlackElo "1202"]
[Opening "Ruy Lopez: closed defense"]
[ECO "C84"]
[NIC "RL.13"]
[Time "17:00:28"]
[PlyCount "95"]
[TimeControl "1800+10"]

1. e4 e5 2. Nf3 Nc6 3. Bb5 a6 4. Ba4 Nf6 5. O-O Be7 6. d3 d6 7. Nbd2 O-O 8.
c3 Be6 9. Re1 h6 10. d4 exd4 11. cxd4 Bg4 12. Nf1 b5 13. Bb3 Bxf3 14. Qxf3
Nxd4 15. Qg3 Qd7 16. Ne3 Nxe4 17. Qf4 Nxb3 18. axb3 Nc5 19. Nf5 Bg5 20. Qg4
Rfe8 21. Bxg5 hxg5 22. Qxg5 f6 23. Qg4 Kf8 24. Qh3 Qf7 25. b4 Ne4 26. f3
Ng5 27. Qh8+ Qg8 28. Qxg8+ Kxg8 29. Rxe8+ Rxe8 30. Rxa6 Re2 31. Ra2 Re5 32.
Nd4 Ne6 33. Nc6 Rd5 34. Ne7+ Kf8 35. Nxd5 c6 36. Ne3 c5 37. bxc5 dxc5 38.
Ra5 b4 39. Ra6 Nd4 40. Nc4 Ne2+ 41. Kf2 Nc1 42. Ke3 Nb3 43. Na5 Nxa5 44.
Rxa5 c4 45. Rc5 c3 46. bxc3 b3 47. Rb5 b2 48. Rxb2 { Black resigns } 1-0

[Event "ICC tourney 2578 (30 10)"]
[Site "Internet Chess Club"]
[Date "2021.05.22"]
[Round "4"]
[White "QI, JENNY:eevee11"]
[Black "PRABHU, VARUN:varunprabhu"]
[Result "1/2-1/2"]
[ICCResult "Game drawn by repetition"]
[WhiteElo "1156"]
[BlackElo "776"]
[Opening "Ruy Lopez: old Steinitz defense"]
[ECO "C62"]
[NIC "RL.02"]
[Time "17:00:21"]
[PlyCount "112"]
[TimeControl "1800+10"]

1. e4 e5 2. Nf3 Nc6 3. Bb5 d6 4. d4 a6 5. Bxc6+ bxc6 6. dxe5 Bg4 7. O-O
dxe5 8. Qxd8+ Rxd8 9. Nxe5 Bd7 10. Nc3 Bc5 11. Rd1 Bd6 12. Nxd7 Rxd7 13.
Be3 Ne7 14. f4 f6 15. Rd3 Ng6 16. Rad1 O-O 17. Na4 Rfd8 18. c4 Nf8 19. c5
Be7 20. Rxd7 Rxd7 21. Rxd7 Nxd7 22. Kf1 g6 23. Ke2 f5 24. exf5 gxf5 25. Kd3
Kf7 26. Kc4 Ke6 27. b4 Bf6 28. Bd4 Bxd4 29. Kxd4 Nf6 30. Nc3 Ng4 31. h3 Nf6
32. a4 Nh5 33. Ne2 Nf6 34. Ng3 Nd5 35. Nh5 Nxb4 36. Ng7+ Kf6 37. Ne8+ Ke7
38. Nxc7 Kd7 39. Kc4 Kxc7 40. Kxb4 h5 41. Kc4 Kd7 42. Kd4 Ke6 43. g3 a5 44.
h4 Kf6 45. Kc4 Ke6 46. Kd4 Kf6 47. Ke3 Ke6 48. Kd4 Kf6 49. Kd3 Ke6 50. Kd4
Kf6 51. Kc3 Ke6 52. Kc4 Kf6 53. Kd4 Ke6 54. Kc4 Kd7 55. Kd3 Ke6 56. Kd4 Kf6
{ Game drawn by repetition } 1/2-1/2

[Event "ICC tourney 2578 (30 10)"]
[Site "Internet Chess Club"]
[Date "2021.05.23"]
[Round "5"]
[White "SIAMWALLA, ALVIN:cappyal"]
[Black "EISENBERG, LINUS NGUYEN:PrimusInvin"]
[Result "0-1"]
[ICCResult "White resigns"]
[WhiteElo "848"]
[BlackElo "1235"]
[Opening "Sicilian: closed, 2...Nc6"]
[ECO "B23"]
[NIC "SI.44"]
[Time "11:01:40"]
[PlyCount "98"]
[TimeControl "1800+10"]

1. e4 c5 2. Nc3 Nc6 3. Nf3 g6 4. Bc4 Bg7 5. Qe2 d6 6. Bb5 Nf6 7. e5 dxe5 8.
Nxe5 Bd7 9. Nxd7 Qxd7 10. Qf3 a6 11. Bc4 O-O 12. O-O Ne5 13. Qe2 Nxc4 14.
Qxc4 Rac8 15. h3 b5 16. Qe2 b4 17. Ne4 Nxe4 18. Qxe4 a5 19. Rb1 Qf5 20.
Qxf5 gxf5 21. d3 e5 22. Bg5 f6 23. Bd2 Rfd8 24. a3 e4 25. Rbd1 exd3 26.
cxd3 Rxd3 27. axb4 axb4 28. Be3 Rxd1 29. Rxd1 Bf8 30. Rc1 Kf7 31. Bd2 Rd8
32. Be3 h5 33. Bxc5 Rc8 34. Be3 Rxc1+ 35. Bxc1 Bc5 36. Kf1 Ke6 37. Ke2 Kd5
38. f3 Bd6 39. Kd3 Be5 40. b3 Bc3 41. Bd2 Bxd2 42. Kxd2 Kd4 43. g3 Kc5 44.
Kd3 f4 45. gxf4 f5 46. h4 Kd5 47. Ke3 Kc5 48. Kd2 Kd4 49. Kc2 Ke3 { White
resigns } 0-1

[Event "ICC tourney 2578 (30 10)"]
[Site "Internet Chess Club"]
[Date "2021.05.23"]
[Round "5"]
[White "DHURJATI, ANAGHA:amdink"]
[Black "WU, SEAN HAN:dum2020arEEEWS"]
[Result "1-0"]
[ICCResult "Black checkmated"]
[WhiteElo "1296"]
[BlackElo "1173"]
[Opening "Sicilian defense"]
[ECO "B34"]
[NIC "SI.33"]
[Time "11:01:42"]
[PlyCount "53"]
[TimeControl "1800+10"]

1. e4 c5 2. Nf3 Nc6 3. d4 cxd4 4. Nxd4 g6 5. Bc4 Bg7 6. Nxc6 bxc6 7. O-O d6
8. Nc3 Nf6 9. Bg5 O-O 10. Qd2 Bd7 11. h3 Qc7 12. Rad1 c5 13. e5 dxe5 14.
Bxf6 Bxf6 15. Qxd7 Qb6 16. b3 Rfd8 17. Qg4 Qa5 18. Qf3 Rac8 19. Ne4 Bg7 20.
Qxf7+ Kh8 21. Qxe7 Re8 22. Qg5 Qxa2 23. Nd6 Qxc2 24. Nxc8 Rxc8 25. Rd8+
Rxd8 26. Qxd8+ Bf8 27. Qxf8# { Black checkmated } 1-0

[Event "ICC tourney 2578 (30 10)"]
[Site "Internet Chess Club"]
[Date "2021.05.23"]
[Round "5"]
[White "REMPE, LENNIK:Kokosnuss1000"]
[Black "WU, WINSTON:qjet"]
[Result "0-1"]
[ICCResult "White resigns"]
[WhiteElo "1450"]
[BlackElo "1200"]
[Opening "French: exchange variation"]
[ECO "C01"]
[NIC "FR.01"]
[Time "11:01:42"]
[PlyCount "66"]
[TimeControl "1800+10"]

1. e4 e6 2. d4 d5 3. exd5 exd5 4. Nf3 Nc6 5. Be2 Nf6 6. O-O Be7 7. Re1 O-O
8. Bg5 h6 9. Bh4 Bf5 10. Nc3 Ne4 11. Bxe7 Nxe7 12. Ne5 Ng6 13. Nxe4 Bxe4
14. f3 Bf5 15. Bd3 Bxd3 16. Qxd3 Nxe5 17. dxe5 Re8 18. Rad1 c6 19. c4 Qb6+
20. Kh1 Qxb2 21. Qe2 Qxe2 22. Rxe2 dxc4 23. f4 Rad8 24. Rxd8 Rxd8 25. g3 b5
26. a3 a5 27. Ra2 b4 28. axb4 axb4 29. Rb2 c5 30. Rc2 Rd1+ 31. Kg2 b3 32.
Rb2 c3 33. Rxb3 c2 { White resigns } 0-1

[Event "ICC tourney 2578 (30 10)"]
[Site "Internet Chess Club"]
[Date "2021.05.23"]
[Round "5"]
[White "KUMAR, AADIT:AaditK"]
[Black "DUNIKOV, DAVID EUGENE:DavidNest"]
[Result "1-0"]
[ICCResult "Black checkmated"]
[WhiteElo "1251"]
[BlackElo "1307"]
[Opening "QP counter-gambit (elephant gambit)"]
[ECO "C40"]
[NIC "KP.10"]
[Time "11:01:39"]
[PlyCount "47"]
[TimeControl "1800+10"]

1. e4 e5 2. Nf3 d5 3. Nxe5 Nf6 4. d4 Be7 5. Nc3 dxe4 6. Bc4 O-O 7. O-O Nbd7
8. Bf4 c6 9. Re1 Qb6 10. Nxe4 Nxe4 11. Rxe4 Nxe5 12. Bxe5 Qxb2 13. d5 Qb6
14. d6 Rd8 15. Bxf7+ Kxf7 16. Qf3+ Bf6 17. Bxf6 gxf6 18. Re7+ Kg6 19. Qg3+
Kf5 20. Qd3+ Kg5 21. Rg7+ Kf4 22. g3+ Ke5 23. Re1+ Qe3 24. Rxe3# { Black
checkmated } 1-0

[Event "ICC tourney 2578 (30 10)"]
[Site "Internet Chess Club"]
[Date "2021.05.23"]
[Round "5"]
[White "AMBATI, JASWANT REDDY:AJRChess2011"]
[Black "Merriman, Dann:theLittlePetey"]
[Result "1-0"]
[ICCResult "Black resigns"]
[WhiteElo "1486"]
[BlackElo "875"]
[Opening "Scandinavian defense"]
[ECO "B01"]
[NIC "SD.03"]
[Time "11:01:38"]
[PlyCount "57"]
[TimeControl "1800+10"]

1. e4 d5 2. exd5 Nf6 3. Nf3 Nxd5 4. Bc4 Nb6 5. Bb3 Nc6 6. O-O e6 7. d4 Be7
8. Bf4 Na5 9. Nbd2 Nxb3 10. axb3 Nd5 11. Be5 O-O 12. c3 c5 13. dxc5 Bxc5
14. Ne4 Be7 15. c4 Nb4 16. Qe2 b5 17. Rfd1 Qb6 18. cxb5 Nd5 19. Bd4 Qb7 20.
Ne5 Bd7 21. Nxd7 Qxd7 22. Qg4 f6 23. Rac1 Rf7 24. Nc3 Rc8 25. Nxd5 Rxc1 26.
Nxe7+ Qxe7 27. Rxc1 Qd7 28. Ra1 Qc8 29. h3 { Black resigns } 1-0

[Event "ICC tourney 2578 (30 10)"]
[Site "Internet Chess Club"]
[Date "2021.05.23"]
[Round "5"]
[White "BANG, ADITYA:AdityaBang"]
[Black "WIDJAJA, LUKE:lwidjaja"]
[Result "1-0"]
[ICCResult "Black checkmated"]
[WhiteElo "1389"]
[BlackElo "1501"]
[Opening "Two knights defense"]
[ECO "C56"]
[NIC "KP.02"]
[Time "11:01:36"]
[PlyCount "67"]
[TimeControl "1800+10"]

1. e4 e5 2. Nf3 Nc6 3. d4 exd4 4. Bc4 Nf6 5. O-O Nxe4 6. Re1 d5 7. Bxd5
Qxd5 8. Nc3 Qd8 9. Rxe4+ Be7 10. Nxd4 O-O 11. Be3 Nxd4 12. Rxd4 Qe8 13. Nd5
Bd6 14. Rh4 Bf5 15. Bd4 Qd8 16. g3 Be7 17. Nxe7+ Qxe7 18. Qf3 Bg6 19. Qc3
f6 20. Bc5 Qd7 21. Bxf8 Rxf8 22. Rd4 Qh3 23. Qxc7 Bh5 24. Rh4 Qf5 25. Qc4+
Bf7 26. Qe4 Qxe4 27. Rxe4 Rd8 28. Re7 Rd2 29. Rxb7 h6 30. c3 a5 31. a3 a4
32. Re1 Bb3 33. h4 g5 34. Re8# { Black checkmated } 1-0

[Event "ICC tourney 2578 (30 10)"]
[Site "Internet Chess Club"]
[Date "2021.05.23"]
[Round "5"]
[White "Morgan, Lakshmi M:luckylol3"]
[Black "JUTRAS, ARNAUD:arnaudjutras"]
[Result "1-0"]
[ICCResult "Black resigns"]
[WhiteElo "1041"]
[BlackElo "1450"]
[Opening "Caro-Kann: Panov-Botvinnik attack, 5...e6"]
[ECO "B14"]
[NIC "CK.03"]
[Time "11:01:36"]
[PlyCount "55"]
[TimeControl "1800+10"]

1. e4 c6 2. d4 d5 3. exd5 cxd5 4. c4 Nf6 5. Nc3 e6 6. Bg5 Be7 7. Bd3 h6 8.
Bxf6 Bxf6 9. Nf3 Nc6 10. Ne2 O-O 11. O-O Re8 12. Re1 dxc4 13. Bxc4 a6 14.
a4 Na5 15. Ba2 Qb6 16. Qd2 Rd8 17. Rad1 Nc6 18. Qc3 Nb4 19. Bb3 Nd5 20.
Bxd5 Rxd5 21. Ne5 Bg5 22. h3 Bh4 23. Nf4 Rd8 24. a5 Qb5 25. Qc7 Qxb2 26.
Qxf7+ Kh7 27. Nh5 Bxf2+ 28. Kh1 { Black resigns } 1-0

[Event "ICC tourney 2578 (30 10)"]
[Site "Internet Chess Club"]
[Date "2021.05.23"]
[Round "5"]
[White "DONG, JERRY:Pawnmanicc"]
[Black "HUANG, JUSTIN:ijustin"]
[Result "0-1"]
[ICCResult "White checkmated"]
[WhiteElo "1279"]
[BlackElo "1305"]
[Opening "Queen's pawn, Mason variation"]
[ECO "D00"]
[NIC "QP.08"]
[Time "11:01:39"]
[PlyCount "156"]
[TimeControl "1800+10"]

1. d4 d5 2. Bf4 Nf6 3. e3 e6 4. c3 Be7 5. Nf3 c5 6. Nbd2 Nc6 7. Bd3 Bd7 8.
Ne5 O-O 9. Qe2 Rc8 10. e4 cxd4 11. exd5 exd5 12. Nxc6 Rxc6 13. cxd4 Re6 14.
Be3 Ng4 15. O-O Nxe3 16. fxe3 Bg5 17. Rf3 Rfe8 18. Re1 Bxe3+ 19. Rxe3 Rxe3
20. Qxe3 Rxe3 21. Rxe3 Qb6 22. Nb3 g6 23. Kf2 Qf6+ 24. Kg1 Ba4 25. Rf3 Qb6
26. Nc5 Qb4 27. b3 Qxd4+ 28. Kf1 Qxc5 29. bxa4 Qc1+ 30. Kf2 Qb2+ 31. Kg3
Qxa2 32. Bb5 d4 33. Kh3 Qe6+ 34. Kg3 a6 35. Bf1 b5 36. axb5 axb5 37. Kf2
Qa2+ 38. Kg3 b4 39. Rf2 Qa3+ 40. Rf3 b3 41. Bc4 Qd6+ 42. Kf2 Qe7 43. Bxb3
Qh4+ 44. Kf1 Qxh2 45. Rxf7 Kh8 46. Rf8+ Kg7 47. Rf7+ Kh6 48. Rf3 Qh1+ 49.
Kf2 Qb1 50. Bc4 Qc2+ 51. Be2 Qc5 52. Rd3 Qf5+ 53. Rf3 Qc2 54. Rd3 Qc5 55.
Rh3+ Kg7 56. Rd3 h5 57. Ke1 Qc1+ 58. Kf2 Qf4+ 59. Kg1 Kh6 60. Bf1 h4 61.
Rh3 g5 62. Rf3 Qc1 63. Rd3 Qa1 64. Kf2 Qb2+ 65. Kg1 Kh5 66. Kh2 g4 67. Kg1
g3 68. Rf3 Kg4 69. Rf8 Qb3 70. Be2+ Kg5 71. Rf3 Qb6 72. Rd3 Qb1+ 73. Bf1
Qe1 74. Rf3 d3 75. Rf8 d2 76. Rg8+ Kh6 77. Rg4 Qf2+ 78. Kh1 Qxf1# { White
checkmated } 0-1

[Event "ICC tourney 2578 (30 10)"]
[Site "Internet Chess Club"]
[Date "2021.05.23"]
[Round "5"]
[White "RAMAN, ARJUN:jojoraman"]
[Black "SEN, SAMANT ROBERT:srsmv"]
[Result "1/2-1/2"]
[ICCResult "Game drawn because neither player has mating material"]
[WhiteElo "1360"]
[BlackElo "1216"]
[Opening "Scotch: Schmidt variation"]
[ECO "C45"]
[NIC "SO.04"]
[Time "11:01:37"]
[PlyCount "102"]
[TimeControl "1800+10"]

1. e4 e5 2. Nf3 Nc6 3. d4 exd4 4. Nxd4 Nf6 5. Nc3 Bb4 6. Nxc6 bxc6 7. Bd3
d5 8. exd5 Qe7+ 9. Qe2 Qxe2+ 10. Bxe2 cxd5 11. O-O O-O 12. Bd2 Bf5 13. Bd3
Bg6 14. a3 Ba5 15. b4 Bb6 16. Bxg6 fxg6 17. Rae1 Ng4 18. Re2 c6 19. h3 Nf6
20. Re6 Rac8 21. Na4 Rfe8 22. Rxe8+ Rxe8 23. Re1 Rxe1+ 24. Bxe1 Bd4 25. Bc3
Bxc3 26. Nxc3 Ne4 27. Ne2 c5 28. f3 Nd2 29. bxc5 Nc4 30. c6 Nb6 31. Nd4 Kf7
32. Kf2 Ke7 33. Ke2 Kd6 34. Kd3 Nc8 35. Kc3 Ne7 36. Nb5+ Kxc6 37. Nxa7+ Kb6
38. Kd4 Kxa7 39. Kc5 Kb7 40. Kd6 Nf5+ 41. Kxd5 Ne3+ 42. Ke6 Nxc2 43. Kf7
Ne3 44. Kxg7 Nxg2 45. Kxh7 Nf4 46. h4 Ng2 47. Kxg6 Nxh4+ 48. Kg5 Nxf3+ 49.
Kf4 Nd4 50. Ke3 Nc2+ 51. Ke4 Nxa3 { Game drawn because neither player has
mating material } 1/2-1/2

[Event "ICC tourney 2578 (30 10)"]
[Site "Internet Chess Club"]
[Date "2021.05.23"]
[Round "5"]
[White "KISHOR MANE, ARNAV:K05-16881843"]
[Black "Potukuchi, Siddhartha:Firemonsterz"]
[Result "1-0"]
[ICCResult "Black resigns"]
[WhiteElo "1396"]
[BlackElo "1405"]
[Opening "Giuoco Piano"]
[ECO "C54"]
[NIC "IG.02"]
[Time "11:01:42"]
[PlyCount "115"]
[TimeControl "1800+10"]

1. e4 e5 2. Nf3 Nc6 3. Bc4 Bc5 4. c3 Nf6 5. d4 exd4 6. cxd4 Bb4+ 7. Bd2
Bxd2+ 8. Nbxd2 d5 9. exd5 Nxd5 10. O-O O-O 11. Ne5 Nxe5 12. dxe5 Be6 13.
Bb3 c6 14. Nf3 Qe7 15. Nd4 Rad8 16. Nxe6 fxe6 17. Qe1 Nf4 18. Rd1 Qg5 19.
g3 Nd5 20. f4 Qe7 21. Qf2 Qc7 22. Qxa7 c5 23. Bxd5 exd5 24. Qa3 c4 25. Qf3
Qb6+ 26. Qf2 d4 27. Rd2 Rd5 28. Rfd1 Rfd8 29. a3 Qb3 30. e6 c3 31. bxc3
dxc3 32. e7 Qxd1+ 33. Rxd1 Rxd1+ 34. Kg2 Re8 35. Qa2+ Kh8 36. Qf7 Rd2+ 37.
Kf1 h6 38. Qxe8+ Kh7 39. Qa4 c2 40. Qxc2+ Rxc2 41. e8=Q Rc1+ 42. Kg2 Rc2+
43. Kh3 Rc6 44. Qe4+ Kg8 45. a4 Kf7 46. a5 Kf6 47. Qe5+ Kf7 48. Qe4 Kf6 49.
Qd4+ Ke6 50. Qxg7 Kd5 51. Qxb7 Kc5 52. a6 h5 53. a7 h4 54. a8=Q Rb6 55.
Qc7+ Kb5 56. Qd5+ Ka6 57. Qdc4+ Ka5 58. Qa7+ { Black resigns } 1-0

[Event "ICC tourney 2578 (30 10)"]
[Site "Internet Chess Club"]
[Date "2021.05.23"]
[Round "5"]
[White "PRABHU, VARUN:varunprabhu"]
[Black "NERALLA, SRIKRUTHI:chessfanatic11"]
[Result "0-1"]
[ICCResult "White forfeits on time"]
[WhiteElo "776"]
[BlackElo "1202"]
[Opening "Hungarian defense"]
[ECO "C50"]
[NIC "IG.03"]
[Time "11:01:44"]
[PlyCount "66"]
[TimeControl "1800+10"]

1. e4 e5 2. Nf3 Nc6 3. Bc4 Be7 4. O-O Nf6 5. Nc3 O-O 6. h3 Nxe4 7. Nxe4 d5
8. Bd3 dxe4 9. Bxe4 Bd6 10. Bxc6 bxc6 11. d3 h6 12. Qe2 f5 13. Nxe5 Qe7 14.
d4 Re8 15. Re1 c5 16. c3 cxd4 17. cxd4 c5 18. Be3 Bxe5 19. dxe5 Qxe5 20. f4
Qd5 21. Qf3 Qxf3 22. gxf3 Bb7 23. Bxc5 Bxf3 24. Kf2 Be4 25. Red1 Reb8 26.
b3 Rc8 27. Be3 Rc2+ 28. Rd2 Rxd2+ 29. Bxd2 Rc8 30. Bb4 Rc2+ 31. Kg3 Rg2+
32. Kh4 g5+ 33. Kh5 Kg7 { White forfeits on time } 0-1

[Event "ICC tourney 2578 (30 10)"]
[Site "Internet Chess Club"]
[Date "2021.05.23"]
[Round "5"]
[White "ARUL, SHARVESH:thunderdaze"]
[Black "LI, MASON:iamlifamily"]
[Result "1-0"]
[ICCResult "Black forfeits on time"]
[WhiteElo "1302"]
[BlackElo "1266"]
[Opening "Caro-Kann: exchange variation"]
[ECO "B13"]
[NIC "CK.02"]
[Time "11:01:37"]
[PlyCount "85"]
[TimeControl "1800+10"]

1. e4 c6 2. d4 d5 3. exd5 cxd5 4. Bb5+ Nc6 5. Nf3 Bd7 6. c3 e6 7. O-O Nge7
8. Bf4 Ng6 9. Bg3 Be7 10. Re1 O-O 11. Bd3 Qb6 12. Qc2 Rac8 13. Nbd2 Nb4 14.
Qb1 Nxd3 15. Qxd3 Qxb2 16. Rab1 Qxa2 17. Rxb7 Bc6 18. Rbb1 Qa5 19. Ra1 Ba4
20. Re3 Bg5 21. Nxg5 Rc6 22. Nb3 Qb6 23. Rxa4 Qxb3 24. Rb4 Qa3 25. Rb1 Rfc8
26. Qe2 h6 27. Nh3 Rxc3 28. Re1 Rxe3 29. fxe3 a5 30. Nf4 Ne7 31. Nd3 Rc3
32. Nc5 Nf5 33. Bf2 Nd6 34. e4 dxe4 35. Nxe4 Nxe4 36. Qxe4 a4 37. d5 exd5
38. Qxd5 Rc8 39. Rf1 Qe7 40. Bd4 a3 41. Qe5 Qf8 42. Kh1 a2 43. Qe2 { Black
forfeits on time } 1-0

[Event "ICC tourney 2578 (30 10)"]
[Site "Internet Chess Club"]
[Date "2021.05.23"]
[Round "6"]
[White "DUNIKOV, DAVID EUGENE:DavidNest"]
[Black "SIAMWALLA, ALVIN:cappyal"]
[Result "1-0"]
[ICCResult "Black resigns"]
[WhiteElo "1307"]
[BlackElo "848"]
[Opening "King's knight's gambit"]
[ECO "C34"]
[NIC "KG.02"]
[Time "13:00:53"]
[PlyCount "37"]
[TimeControl "1800+10"]

1. e4 e5 2. f4 exf4 3. Nf3 Nc6 4. d4 d5 5. e5 Bf5 6. Bxf4 Nb4 7. Bd3 Nxd3+
8. cxd3 Be7 9. O-O Nh6 10. Bxh6 gxh6 11. Qd2 Bg5 12. Nxg5 Qxg5 13. Qxg5
hxg5 14. Rxf5 Rg8 15. Nc3 O-O-O 16. Rxf7 h5 17. Rc1 a6 18. Na4 Rd7 19. Nb6+
{ Black resigns } 1-0